 Dungeon Crawl Stone Soup version 0.14-a0-1076-gee4852e (webtiles) character file.

12312 PolkaDot the Conjurer (level 11, -4/66 (68) HPs)
             Began as a Vampire Conjurer on Nov 26, 2013.
             Was a High Priest of Sif Muna.
             Slain by a seven-headed hydra (15 damage)
             ... on Level 1 of the Lair of Beasts.
             The game lasted 01:37:54 (13773 turns).

PolkaDot the Conjurer (Vampire Conjurer)           Turns: 13773, Time: 01:37:54

HP  -4/66 (68)   AC  9     Str  7      XL: 11   Next: 54%
MP  31/31        EV 15     Int 20      God: Sif Muna [*****.]
Gold 491         SH  0     Dex 14      Spells:  5 memorised,  5 levels left

rFire  . . .     SeeInvis +     y - staff of poison
rCold  + . .     Clarity  .     G - +1 robe {rN+}
rNeg   + + +     Conserve .     (no shield)
rPois  +         rCorr    .     j - +0 cap
rElec  .         rRot     +     h - +2 elf cloak {MR+}
SustAb . .       Spirit   .     v - +1 pair of bracers {archer}
rMut   .         Warding  .     D - +0 pair of boots
Saprov . . .     Stasis   .     (no amulet)
                                k - ring of magical power
                                p - +3 ring of evasion

@: regenerating slowly, quite resistant to hostile enchantments, quite stealthy
A: bottle blood, fangs 3, see invisible, unbreathing
a: Bat Form, Bottle Blood, Channel Energy, Forget Spell, Renounce Religion


You were on level 1 of the Lair of Beasts.
You worshipped Sif Muna.
Sif Muna was extremely pleased with you.
You were very thirsty.

You visited 2 branches of the dungeon, and saw 12 of its levels.
You also visited: Ice Cave.

You collected 491 gold pieces.

Inventory:

Hand weapons
 s - a +1,+1 spear of piercing
Armour
 h - a +2 elven cloak of magic resistance (worn)
 j - a +0 cap (worn)
 v - a +1 pair of bracers of archery (worn)
 D - a +0 pair of boots (worn)
 G - a +1 robe of positive energy (worn)
Magical devices
 g - a wand of paralysis (10)
 t - a wand of disintegration (9)
 u - a wand of draining (5)
 w - a wand of fireball (0)
 A - a wand of random effects (4)
Scrolls
 a - a scroll of curse jewellery {unknown}
 b - 5 scrolls of identify
 d - 2 scrolls of noise
 e - a scroll of amnesia
 f - a scroll of enchant weapon II
 n - 2 scrolls of recharging
 o - 4 scrolls of remove curse {unknown}
 r - 2 scrolls of enchant weapon I
 C - a scroll of blinking {unknown}
 E - a scroll of random uselessness {unknown}
Jewellery
 k - a ring of magical power (right hand)
 p - a +3 ring of evasion (left hand)
 z - an uncursed ring of positive energy
Potions
 l - a potion of lignification
Books
 c - a book of Conjurations

   Spells                             Type                      Level
   *Magic Dart                        Conjuration                  1
   *Searing Ray                       Conjuration                  2
   Dazzling Spray                     Conjuration/Hexes            3
   *Iskenderun's Mystic Blast         Conjuration                  4
   Iskenderun's Battlesphere          Conjuration/Charms           4
   *Fulminant Prism                   Conjuration/Hexes            5
 i - the Handbook of Feathers
   (You found it in an ice cave)

   Spells                             Type                      Level
   *Swiftness                         Charms/Air                   2
   Deflect Missiles                   Charms/Air                   6
   Freezing Cloud                     Conjuration/Ice/Air          6
   Conjure Ball Lightning             Conjuration/Air              6
Magical staves
 y - an uncursed staff of poison (weapon)


   Skills:
 - Level 2.1 Dodging
 - Level 3.0 Stealth
 - Level 4.6 Spellcasting
 + Level 12.3 Conjurations
 - Level 8.8 Hexes
 * Level 7.4 Air Magic


You had 5 spell levels left.
You knew the following spells:

 Your Spells              Type           Power        Failure   Level  Hunger
a - Magic Dart            Conj           ####         1%          1    None
d - Iskenderun's Mystic   Conj           ######..     1%          4    ####...
s - Searing Ray           Conj           ######       1%          2    #......
z - Fulminant Prism       Conj/Hex       #####.....   6%          5    #####..
S - Swiftness             Chrm/Air       ###.......   4%          2    #......


Dungeon Overview and Level Annotations

Branches:
Dungeon (11/16)            Temple (0/1) D:6             Orc (0/4) D:11
   Lair (1/8) D:10

Altars:
Sif Muna

Shops:
D:5 %%=%   D:11 [(

Annotations:
D:7 Joseph
D:11 exclusion: ice statue


Innate Abilities, Weirdness & Mutations

You heal slowly.
You can bottle blood from corpses.
You have razor-sharp teeth.*
You have supernaturally acute eyesight.
You can survive without breathing.*


Message History

Read which item? (? for menu, Esc to quit)
Okay, then.
Okay, then.
Read which item? (? for menu, Esc to quit)
Okay, then.
Unknown command.
Read which item? (? for menu, Esc to quit)
Okay, then.
Read which item? (? for menu, Esc to quit)
This weapon cannot be enchanted.
Read which item? (? for menu, Esc to quit)
As you read the scroll labeled NOLLUT TITHRYA, it crumbles to dust.
You feel aware of your surroundings.
It was a scroll of magic mapping.
The seven-headed hydra bites you.
* * * LOW HITPOINT WARNING * * *
The seven-headed hydra bites you but does no damage.
The seven-headed hydra bites you.
* * * LOW HITPOINT WARNING * * *
The seven-headed hydra misses you. The seven-headed hydra bites you!
You die...

******* ###### ,,,,,,*##########
#.#P.##### ,,,,D*##j.......##
#.>......#
,,,..##.........f###**#........#
,,,....#........@..#,*#........#
,,,,.$.........D#.....+........#
,,, ,#.$....%...#######......<.#
,,,,,#..........# #>...(...##
,,.,,*##........# #........P#
,...,* #......[.# #.#'#######
..,,,* #........# #*#.# #...**
##.###..## #.## ..#** ####..f#
#..###


You could see a seven-headed hydra.

Vanquished Creatures
  A hydra (Lair:1)
  Erica (D:10)
  A hill giant (D:11)
  3 ice statues (IceCv)
  Pikel (D:5)
  The ghost of Watball the Conjurer, an experienced DEFE (D:7)
  A spiny frog (Lair:1)
  Grinder (D:3)
  A troll (D:11)
  A komodo dragon (D:10)
  A wyvern (D:9)
  4 yaks (D:11)
  Eustachio (D:7)
  A hungry ghost (D:8)
  The ghost of Zarnosh the Grave Robber, an average HuNe (D:4)
  2 manticores (D:9)
  Edmund (D:5)
  16 ice beasts
  Purgy (D:3)
  2 sky beasts (D:10)
  2 black bears
  12 ogres
  3 slaves (D:5)
  3 centaurs
  2 phantoms
  Sigmund (D:2)
  Blork the orc (D:8)
  A giant slug (Lair:1)
  A water moccasin (Lair:1)
  A fulminant prism (IceCv)
  5 giant frogs
  An eye of draining (D:9)
  A hippogriff zombie (D:10)
  A yak zombie (D:9)
  3 wights (D:9)
  11 crimson imps
  A giant frog zombie (D:5)
  4 goliath beetles
  Crazy Yiuf (D:2)
  3 giant frog skeletons
  8 hounds
  2 iguanas
  2 orc priests
  4 orc wizards
  An orange rat (D:8)
  7 worker ants
  An ogre zombie (D:5)
  13 green rats
  A giant centipede (D:11)
  9 adders
  A giant mite (D:9)
  5 worms
  A giant eyeball (D:4)
  8 giant geckos
  An ooze (D:1)
  44 orcs
  15 goblins
  4 grey rats (D:8)
  17 hobgoblins
  5 jackals
  7 quokkas
  11 bats
  8 giant cockroaches
  8 giant newts
  A giant spore (D:11)
  A goblin skeleton (D:5)
  A hobgoblin zombie (D:8)
  12 kobolds
  A kobold zombie (D:7)
  A quokka zombie (D:6)
  23 rats
  2 rat skeletons
325 creatures vanquished.

Vanquished Creatures (others)
  An ogre (D:11)
  A sky beast (D:8)
  20 fulminant prisms
  2 plants (D:10)
24 creatures vanquished.

Grand Total: 349 creatures vanquished

Notes
Turn   | Place    | Note
--------------------------------------------------------------
     0 | D:1      | PolkaDot, the Vampire Conjurer, began the quest for the Orb.
     0 | D:1      | Reached XP level 1. HP: 13/13 MP: 4/4
   450 | D:1      | Reached XP level 2. HP: 19/19 MP: 0/5
   612 | D:1      | Learned a level 2 spell: Searing Ray
  1055 | D:2      | Reached XP level 3. HP: 24/24 MP: 2/6
  1325 | D:2      | Reached skill level 4 in Conjurations
  1594 | D:2      | Noticed Sigmund
  1798 | D:3      | Reached XP level 4. HP: 30/30 MP: 0/8
  2349 | D:3      | Noticed Purgy
  2617 | D:3      | Noticed Grinder
  2631 | D:3      | Reached skill level 7 in Conjurations
  2631 | D:3      | Reached XP level 5. HP: 21/35 MP: 2/13
  2681 | D:3      | Paralysed by Grinder for 5 turns
  2690 | D:3      | Paralysed by Grinder for 3 turns
  2706 | D:3      | Paralysed by Grinder for 3 turns
  2783 | D:3      | Killed Grinder
  2783 | D:3      | Reached XP level 6. HP: 26/41 MP: 10/15
  2828 | D:3      | Learned a level 4 spell: Iskenderun's Mystic Blast
  3182 | D:3      | Killed Purgy
  3182 | D:3      | Reached XP level 7. HP: 37/46 MP: 2/18
  3336 | D:2      | Killed Sigmund
  3501 | D:2      | Noticed Crazy Yiuf
  3506 | D:2      | Killed Crazy Yiuf
  3723 | D:4      | Noticed Zarnosh's ghost (average HuNe)
  3738 | D:4      | Killed Zarnosh's ghost
  3738 | D:4      | Reached skill level 8 in Conjurations
  3818 | D:4      | Paralysed by a giant eyeball for 4 turns
  3826 | D:4      | Paralysed by a giant eyeball for 4 turns
  4355 | D:4      | Found a deep blue altar of Sif Muna.
  4358 | D:4      | Became a worshipper of Sif Muna the Loreminder
  4559 | D:5      | Entered Level 5 of the Dungeon
  4629 | D:5      | Reached XP level 8. HP: 22/47 MP: 13/19
  4638 | D:5      | Found Prikhiul's Jewellery Emporium.
  4691 | D:5      | Found Noexkal's Food Shop.
  4741 | D:5      | Noticed Edmund
  4790 | D:5      | Killed Edmund
  5073 | D:5      | Reached skill level 9 in Conjurations
  5110 | D:5      | Acquired Sif Muna's first power
  5194 | D:5      | Found Siusis' Food Emporium.
  5304 | D:5      | Noticed Pikel
  5525 | D:5      | Killed Pikel
  5525 | D:5      | Reached XP level 9. HP: 55/55 MP: 7/20
  5696 | D:5      | Found Pnieh's Food Shoppe.
  6393 | D:6      | Found a staircase to the Ecumenical Temple.
  6517 | D:7      | Noticed Eustachio
  6590 | D:7      | Killed Eustachio
  6644 | D:7      | Acquired Sif Muna's second power
  6644 | D:7      | Reached skill level 10 in Conjurations
  6653 | D:7      | Noticed Watball's ghost (experienced DEFE)
  6661 | D:7      | Killed Watball's ghost
  6880 | D:7      | Paralysed by a giant eyeball for 3 turns
  6885 | D:7      | Noticed Joseph
  6890 | D:7      | Paralysed by a giant eyeball for 3 turns
  7102 | D:7      | Learned a level 5 spell: Fulminant Prism
  7174 | D:7      | Reached skill level 1 in Hexes
  7524 | D:7      | Paralysed by a giant eyeball for 3 turns
  7754 | D:8      | Reached XP level 10. HP: 61/61 MP: 2/21
  7766 | D:8      | Noticed Blork the orc
  7778 | D:8      | Killed Blork the orc
  8570 | D:9      | Reached skill level 11 in Conjurations
  9189 | D:9      | Reached skill level 5 in Hexes
  9309 | D:10     | Entered Level 10 of the Dungeon
  9500 | D:10     | Noticed Erica
  9509 | D:10     | Killed Erica
  9543 | D:10     | Noticed a cyclops
  9606 | D:10     | Found a staircase to the Lair.
  9665 | D:10     | Noticed a hill giant
 10029 | D:11     | Noticed an ice statue
 10132 | D:11     | Acquired Sif Muna's third power
 10329 | D:11     | Found Asyacs' Weapon Shoppe.
 10330 | D:11     | Found a staircase to the Orcish Mines.
 10331 | D:11     | Found Ypuazuink's Armour Shoppe.
 10346 | D:11     | Noticed a hill giant
 10376 | D:11     | Killed a hill giant
 10376 | D:11     | Reached XP level 11. HP: 59/66 MP: 0/22
 10994 | Lair:1   | Entered Level 1 of the Lair of Beasts
 11396 | Lair:1   | Found a frozen archway.
 11430 | Lair:1   | Noticed an eight-headed hydra
 11457 | IceCv    | Entered an ice cave
 11472 | IceCv    | Reached skill level 12 in Conjurations
 11635 | IceCv    | Noticed an ice statue
 11635 | IceCv    | Noticed an ice statue
 11635 | IceCv    | Noticed an ice statue
 12298 | IceCv    | Killed an ice statue
 12299 | IceCv    | Killed an ice statue
 12772 | IceCv    | Killed an ice statue
 12911 | IceCv    | Identified the Handbook of Feathers
 12915 | IceCv    | Learned a level 2 spell: Swiftness
 13100 | Lair:1   | Noticed a seven-headed hydra
 13294 | Lair:1   | Killed an eight-headed hydra
 13773 | Lair:1   | Slain by a seven-headed hydra

Action                   |  1- 3 |  4- 6 |  7- 9 | 10-12 || total
-------------------------+-------+-------+-------+-------++-------
Melee: Dagger            |    49 |     1 |       |       ||    50
       Spear             |       |    83 |   361 |    30 ||   474
       Staff             |       |       |       |    81 ||    81
 Cast: Magic Dart        |    44 |     5 |     6 |    26 ||    81
       Searing Ray       |     7 |     7 |    66 |    74 ||   154
       Iskenderun's Myst |       |     1 |    44 |    61 ||   106
       Fulminant Prism   |       |       |       |    21 ||    21
       Swiftness         |       |       |       |     1 ||     1
Invok: Channel Energy    |       |       |       |   110 ||   110
 Abil: Bottle Blood      |       |       |     8 |    28 ||    36
Evoke: Wand              |       |       |     3 |     6 ||     9
  Use: Potion            |     1 |     2 |     7 |    36 ||    46
       Scroll            |       |       |    13 |    11 ||    24
 Stab: Sleeping          |     1 |     4 |     5 |     1 ||    11
